 Dungeon Crawl Stone Soup version 0.17-a0-1636-g3119f2b (webtiles) character file.

288 urechis the Ruffian (level 6, -2/55 (56) HPs)
             Began as a Ghoul Monk on Aug 6, 2015.
             Slain by Edmund
             ... wielding a +2 flail of protection
              (11 damage)
             ... on level 4 of the Dungeon.
             The game lasted 00:05:40 (2672 turns).

urechis the Ruffian (Ghoul Monk)                    Turns: 2672, Time: 00:05:41

HP:   -2/55 (56)    AC:  4    Str: 15    XL:     6   Next: 31%
MP:   5/5           EV: 12    Int:  5    God:
Gold: 162           SH:  0    Dex: 13    Spells: 0 memorised, 5 levels left

rFire  . . .     SeeInvis .       - Unarmed
rCold  + . .     Clarity  .     l - +0 leather armour
rNeg   + + +     SustAt   .     (no shield)
rPois  ∞         Gourm    .     r - +0 helmet
rElec  .         Spirit   .     (no cloak)
rCorr  .         Warding  .     (no gloves)
rMut   .         Stasis   .     (no boots)
MR     .....                    (no amulet)
Stlth  ++........               (no ring)
                                (no ring)

@: rotting, not resistant to hostile enchantments, unstealthy
A: rotting body, claws 1, carnivore 3, cold resistance 1, negative energy
resistance 3, slow healing 1, torment resistance, unbreathing
a: no special abilities


You were on level 4 of the Dungeon.
You were not hungry.

You visited 1 branch of the dungeon, and saw 4 of its levels.

You collected 162 gold pieces.

Inventory:

Armour
 l - a +0 leather armour (worn)
 r - a +0 helmet (worn)
Scrolls
 a - a scroll of random uselessness {unknown}
 c - a scroll of teleportation {unknown}
 d - 2 scrolls of recharging {unknown}
 e - a scroll of remove curse
 g - 3 scrolls of identify
 h - 2 scrolls of enchant weapon
 i - a scroll of magic mapping {unknown}
Potions
 f - 5 potions of invisibility
 j - a potion of agility {unknown}
 k - a potion of might {unknown}
 m - a potion of heal wounds {unknown}
 n - a potion of cancellation {unknown}
 o - a potion of curing {unknown}
 p - a potion of haste {unknown}
Comestibles
 b - 3 meat rations
 q - 2 chunks of flesh
 s - a slice of pizza


   Skills:
 + Level 5.1 Fighting
 - Level 2.6 Dodging
 - Level 2.1 Stealth
 * Level 7.1 Unarmed Combat


You had 5 spell levels left.
You didn't know any spells.

Dungeon Overview and Level Annotations

Branches:
Dungeon (4/15)             Temple (0/1) D:4

Altars:
Dithmenos

Annotations:
D:4 Duvessa, Edmund


Innate Abilities, Weirdness & Mutations

Your body is rotting away.
You thrive on raw meat.
You are immune to poison.
You have sharp fingernails.
You are carnivorous and can eat meat at any time.
Your flesh is cold resistant.
You are immune to negative energy.
You heal slowly when monsters are visible.
You are immune to unholy pain and torment.
You can survive without breathing.


Message History

Edmund is almost dead.
You scratch Edmund but do no damage.
Edmund is almost dead.
Edmund hits you but does no damage.
You barely miss Edmund.
Edmund is almost dead.
Edmund hits you with a flail of protection.
* * * LOW HITPOINT WARNING * * *
You scratch Edmund but do no damage.
Edmund is almost dead.
You barely miss Edmund.
Edmund is almost dead.
Edmund hits you with a flail of protection!
* * * LOW HITPOINT WARNING * * *
You feel your flesh rotting away.
There is a stone staircase leading up here.
You scratch Edmund but do no damage.
Edmund is severely wounded.
Edmund hits you with a flail of protection!
You die...

... ######## ... #......####
#####.####.#... #...)..........
#.###.####.#.#. # #)# #.####.#.#.
#.# #...# #.# #......#.## ..#
#...# ####.##########.## ###
#...# #@......# #... ##### #...#
#@####..# #### ....# #...#
#.####..##########
###.####...#####.##.......#.....#
#...........l..l..#....##.#.....#
....................#.###.......#
.......[..............# ###.....#
.##.####...########.### #.....#
....####...## ###.#### #######


You could see Edmund and an iguana.

Vanquished Creatures
  The ghost of karlkraus the Sneak, an average OpMo (D:3)
  Jessica (D:3)
  An orc wizard (D:4)
  A worker ant (D:3)
  Robin (D:4)
  4 adders
  An ooze (D:1)
  A worm (D:2)
  17 orcs
  7 bats
  2 giant cockroaches
  13 goblins
  7 hobgoblins
  2 jackals (D:2)
  2 kobolds (D:1)
  A quokka (D:2)
  A giant gecko (D:1)
  A giant newt (D:2)
  A quokka skeleton (D:4)
  5 rats
70 creatures vanquished.

Notes
Turn   | Place    | Note
--------------------------------------------------------------
     0 | D:1      | urechis the Ghoul Monk began the quest for the Orb.
     0 | D:1      | Reached XP level 1. HP: 19/19 MP: 0/0
   161 | D:1      | Reached XP level 2. HP: 26/26 MP: 1/1
   278 | D:1      | Reached skill level 5 in Unarmed Combat
   653 | D:2      | Reached XP level 3. HP: 19/33 MP: 2/2
   844 | D:2      | Reached XP level 4. HP: 33/40 MP: 3/3
  1436 | D:3      | Reached skill level 6 in Unarmed Combat
  1487 | D:3      | Reached XP level 5. HP: 30/47 MP: 4/4
  1493 | D:3      | Found a shadowy altar of Dithmenos.
  1564 | D:3      | Noticed Jessica
  1569 | D:3      | Killed Jessica
  1753 | D:3      | Noticed karlkraus's ghost (average OpMo)
  1771 | D:3      | Killed karlkraus's ghost
  1771 | D:3      | Reached XP level 6. HP: 12/54 MP: 5/5
  2339 | D:4      | Reached skill level 5 in Fighting
  2418 | D:4      | Reached skill level 7 in Unarmed Combat
  2470 | D:4      | Noticed Robin
  2484 | D:4      | Killed Robin
  2503 | D:4      | Noticed Duvessa
  2615 | D:4      | Noticed Edmund
  2619 | D:4      | Found a staircase to the Ecumenical Temple.
  2672 | D:4      | Slain by Edmund

Vault maps used:
D:1:      minmay_arrival_solitary_statue
D:3:      nicolae_overflow_crystal_walls, uniq_jessica
D:4:      minmay_temple_entry_statues, first_bread, uniq_robin, uniq_pikel,
          uniq_edmund, uniq_duvessa

Action                   |  1- 3 |  4- 6 || total
-------------------------+-------+-------++-------
Melee: Unarmed           |    88 |   184 ||   272
  Use: Scroll            |       |     3 ||     3
 Stab: Sleeping          |     6 |     2 ||     8
  Eat: Chunk             |     6 |    16 ||    22
